 Dungeon Crawl Stone Soup version 0.21.1-1-g345015f (webtiles) character file.

118687 xccam the Fencer (level 16, -13/155 HPs)
             Began as a Minotaur Monk on Mar 27, 2018.
             Was the Champion of Ru.
             Killed from afar by a merfolk aquamancer (39 damage)
             ... with a torrent of water
             ... on level 3 of the Shoals.
             The game lasted 01:12:31 (26793 turns).

xccam the Fencer (Minotaur Monk)                   Turns: 26793, Time: 01:12:32

Health: -13/155    AC: 20    Str: 27    XL:     16   Next: 26%
Magic:  15/15      EV:  9    Int:  7    God:    Ru [******]
Gold:   2538       SH:  0    Dex: 21    Spells: 15/15 levels left

rFire    + . .     SeeInvis +   S - +2 great sword (venom)
rCold    + . .     Gourm    .   (shield currently unavailable)
rNeg     + . .     Faith    .   b - +2 chain mail {rC+}
rPois    +         Spirit   .   O - +1 hat {SInv}
rElec    +         Reflect  .   (no cloak)
rCorr    .         Harm     .   B - +2 pair of gloves of the Ward {Dex+6}
MR       +....                  X - +2 pair of boots
Stlth    ..........             Z - amulet of regeneration
HPRegen  0.75/turn              N - ring "Menop" {rElec rF+ rN+ Str+6 Stlth-}
MPRegen  0.14/turn              L - ring of poison resistance

@: exhausted, mesmerised, hasted, drained, slow
A: retaliatory headbutt, fangs 1, horns 2, agile 1, weak 1, no stealth,
inability to use devices, inability to train dodging, reduced AC 1, missing an
eye
a: Draw Out Power, Power Leap, Apocalypse, Renounce Religion


You were on level 3 of the Shoals.
You worshipped Ru.
Ru was exalted by your worship.
You were not hungry.

You visited 5 branches of the dungeon, and saw 27 of its levels.
You also visited: Ice Cave.

You collected 3276 gold pieces.
You spent 738 gold pieces at shops.

Inventory:

Hand Weapons
 D - a +0 great sword of flaming
 I - a +1 scimitar of flaming
 S - a +2 great sword of venom (weapon)
Armour
 b - a +2 chain mail of cold resistance (worn)
 j - a +0 plate armour
 t - the +0 ring mail of the True Pharaoh {+Blink Regen+ rCorr}
   (You found it on level 4 of the Dungeon)

   It lets you blink.
   It increases your rate of regeneration.
   It protects you from acid and corrosion.
 B - the +2 pair of gloves of the Ward (worn) {Dex+6}
   (You bought it in a shop on level 6 of the Dungeon)

   It affects your dexterity (+6).
 O - a +1 hat of see invisible (worn)
 T - a +2 chain mail of positive energy
 X - a +2 pair of boots (worn)
Jewellery
 p - the ring "Getumn" {Wiz rElec Str+4}
   (You found it on level 5 of the Dungeon)

   [ring of wizardry]

   It improves your spell success rate.
   It affects your strength (+4).
   It insulates you from electricity.
 r - a +3 ring of evasion
 y - a +4 ring of dexterity
 z - an uncursed amulet of guardian spirit {unknown}
 E - the ring "Coaweroh" {+Blink +Fly rF++ MR+ Int-5}
   (You found it in an ice cave)

   [ring of flight]

   It affects your intelligence (-5).
   It greatly protects you from fire.
   It affects your resistance to hostile enchantments.
   It lets you fly.
   It lets you blink.
 G - an uncursed ring of fire
 J - an uncursed ring of wizardry
 K - an uncursed ring of fire
 L - a ring of poison resistance (right hand)
 N - the ring "Menop" (left hand) {rElec rF+ rN+ Str+6 Stlth-}
   (You found it in an ice cave)

   [ring of strength]

   It affects your strength (+6).
   It protects you from fire.
   It insulates you from electricity.
   It protects you from negative energy.
   It makes you less stealthy.
 R - an uncursed ring of resist corrosion
 W - an uncursed ring of see invisible
 Z - an amulet of regeneration (around neck)
Scrolls
 a - 3 scrolls of blinking
 d - 10 scrolls of teleportation
 e - 14 scrolls of remove curse
 f - 2 scrolls of magic mapping
 h - 2 scrolls of enchant armour
 l - a scroll of immolation
 m - 5 scrolls of amnesia
 n - 12 scrolls of identify
 q - 3 scrolls of fear
 w - a scroll of acquirement {unknown}
 F - 3 scrolls of fog
 Q - 2 scrolls of enchant weapon
 U - 3 scrolls of summoning
Potions
 g - 4 potions of cancellation
 i - a potion of mutation
 k - 2 potions of ambrosia
 o - 12 potions of curing
 s - 2 potions of brilliance
 u - 2 potions of agility
 v - 3 potions of heal wounds
 x - a potion of haste
 A - a potion of might
 C - 2 potions of flight
 H - 4 potions of lignification
Comestibles
 c - 45 rations


   Skills:
 + Level 17.2(16.8) Fighting
 - Level 20.0(19.5) Long Blades
 + Level 19.5(19.1) Armour
   Level 0.0 Dodging


You had 15 spell levels left.
You didn't know any spells.

Dungeon Overview and Level Annotations

Branches:
Dungeon (15/15)            Temple (1/1) D:6            Lair (6/6) D:8
 Shoals (3/4) Lair:4       Spider (0/4) Lair:4        Slime (0/5) Lair:6
    Orc (2/2) D:9             Elf (0/3) Orc:2        Vaults (0/5) D:13
 Depths (0/5) D:15

Altars:
Ashenzari
Cheibriados
Dithmenos
Elyvilon
Fedhas
Gozag
Hepliaklqana
Kikubaaqudgha
Makhleb
Nemelex Xobeh
Okawaru
Qazlal
Ru
Sif Muna
Trog
Uskayaw
Vehumet
Wu Jian
Xom
Yredelemnul
Zin
The Shining One
Beogh

Shops:
D:4 =   D:6 }[[   D:9 *?!   D:11 *   D:12 *   D:13 !   D:15 %   Orc:2 :*%}
Shoals:1 *

Annotations:
Shoals:2 exclusion: oklob plant
Shoals:3 1 transporter


Innate Abilities, Weirdness & Mutations

You reflexively headbutt those who attack you in melee.
You have a pair of horns on your head.
You cannot be stealthy.
You cannot study or use magical devices.
You cannot train Dodging skill.
You take slightly more damage. (AC -5)
You are missing an eye, making it more difficult to aim.
You have very sharp teeth.
You are agile. (Dex +2)
You are weak. (Str -2)


Message History

The pull of its song draws you forwards.
The sea snake is no longer moving slowly.
The merfolk aquamancer casts a spell.
The merfolk aquamancer blinks!
You slice the sea snake!!
The sea snake looks as sick as possible!
Your attack snaps the sea snake out of its fear.
You headbutt the sea snake.
The sea snake is severely wounded.
The merfolk avatar chants its luring song.
The merfolk siren screams, "Help!"
A merfolk and a merfolk javelineer come into view.
The merfolk javelineer is wielding a spear of venom.
The merfolk shouts!
The merfolk javelineer shouts!
The merfolk aquamancer looks more healthy.
The merfolk impaler hits you from afar with a trident!
* * * LOW HITPOINT WARNING * * *
The merfolk aquamancer points at you and mumbles some strange words.
The torrent of water hits you!
You die...

#.. ##8 #.. #≈≈≈ #m#
≈≈≈ ##.# ≈≈# ##..#
≈≈# ##.≈.# ≈≈#
#...S##m≈# ##
#≈..§mmmm#
########≈≈≈@##≈≈#
..©≈≈≈≈≈≈≈≈≈≈# ≈≈#
..≈≈≈≈≈≈≈≈≈≈.# ≈≈#
.≈≈≈≈≈≈≈≈≈≈†.# ≈≈#
≈≈≈≈≈≈≈≈≈≈...##≈≈≈
≈≈≈≈≈..≈≈m<...##≈≈≈
≈≈≈≈....≈≈≈....###≈
≈≈≈≈...<.≈≈≈..≈≈≈##
≈≈≈......≈≈≈≈.≈≈≈≈≈≈


You could see a merfolk avatar, a merfolk impaler, a merfolk javelineer, a sea
snake (fleeing), a merfolk aquamancer, 2 merfolk and a merfolk siren (fleeing).

Vanquished Creatures
  Rupert (D:13)
  Gastronok (Orc:1)
  Roxanne (Shoals:2)
  Nessos (Lair:6)
  A deep elf annihilator (D:13)
  A merfolk impaler (Shoals:2)
  2 ice dragons (IceCv)
  Harold (D:11)
  8 hydras
  A rakshasa (D:9)
  Erolcha (D:13)
  A merfolk avatar (Shoals:2)
  Erica (Lair:1)
  4 catoblepae
  A merfolk aquamancer (Shoals:3)
  3 centaur warriors
  8 two-headed ogres
  5 death yaks (Lair:6)
  Urug (Lair:4)
  A vampire mage (D:15)
  A deep troll earth mage (D:13)
  A deep troll shaman (Lair:6)
  5 orc high priests (Orc:2)
  6 skeletal warriors
  Nergalle (D:10)
  4 sea snakes
  An unseen horror (D:9)
  A wizard (D:14)
  A necromancer (D:15)
  Pikel (D:5)
  The ghost of Curus the Cleaver, a novice HOAK of Lugonu (D:6)
  8 orc knights
  2 ugly things
  3 harpies (Shoals:1)
  2 deep elf magi
  3 cyclopes
  4 fauns (Shoals:1)
  5 orc sorcerers (Orc:2)
  A tengu skeleton (D:15)
  9 manticores
  2 ice statues (IceCv)
  12 elephants
  Joseph (D:7)
  3 centaur zombies
  5 black mambas
  A stone giant skeleton (D:15)
  A water nymph (Shoals:3)
  A gargoyle (D:13)
  An eye of devastation (Lair:6)
  8 spiny frogs
  2 kobold demonologists
  2 rime drakes (IceCv)
  5 yaktaurs (D:15)
  10 komodo dragons
  An efreet (D:13)
  2 ice devils (Lair:2)
  A queen bee (D:10)
  2 polar bears (Lair:6)
  2 hornets
  7 trolls
  3 merfolk
  7 wind drakes
  The ghost of xccam the Slasher, an amateur FoFi (D:3)
  A harpy skeleton (D:15)
  An ice dragon zombie (D:15)
  4 blink frogs (Lair:5)
  4 slime creatures (D:14)
  2 snapping turtles (Shoals:2)
  7 hippogriffs
  3 shadows
  A centaur simulacrum (D:15)
  2 wraiths
  A vampire (D:13)
  3 wyverns
  An elf zombie (D:15)
  5 water elementals
  5 basilisks
  32 yaks
  3 hogs (D:7)
  17 humans
  5 vampire mosquitoes
  A warg (Orc:2)
  3 acid dragons
  A soldier ant (D:13)
  Duvessa (D:6)
  12 water moccasins
  45 orc warriors
  5 porcupines
  24 ice beasts
  3 slaves (D:5)
  2 necrophages
  6 sky beasts
  2 eyes of draining
  3 black bears
  6 wolves (Lair:6)
  15 ogres
  16 centaurs
  12 crocodiles
  13 bullfrogs
  2 big kobolds
  Dowan (D:6)
  6 scorpions
  47 killer bees
  15 wights
  6 electric eels
  8 crimson imps
  A quasit (D:9)
  2 human zombies (D:7)
  6 centaur skeletons
  30 orc priests
  6 hounds
  3 jellies
  2 bullfrog skeletons
  2 iguanas
  27 orc wizards
  17 worker ants
  An ogre skeleton (D:7)
  A hound skeleton (D:11)
  2 mummies (D:7)
  15 adders
  14 gnolls
  2 shadow imps
  2 adder skeletons (D:10)
  An adder zombie (D:7)
  2 worms
  2 dart slugs (D:1)
  3 leopard geckos
  98 orcs
  10 bats
  7 giant cockroaches
  8 goblins
  10 hobgoblins
  24 jackals
  14 kobolds
  5 quokkas
  7 frilled lizards
  A quokka zombie (D:6)
  11 rats
  A bush (Lair:6)
  A fungus (Lair:6)
  2 plants
876 creatures vanquished.

Vanquished Creatures (others)
  2 hydras (Lair:6)
  A two-headed ogre (D:10)
  A manticore (Shoals:2)
  A merfolk siren (Shoals:2)
  A warg (Orc:1)
  An orc warrior (Orc:2)
  An orc priest (D:12)
  An adder (D:9)
  12 fungi
  9 plants
30 creatures vanquished.

Grand Total: 906 creatures vanquished

Notes
Turn   | Place    | Note
-------+----------+-------------------------------------------
     0 | D:1      | xccam the Minotaur Monk began the quest for the Orb.
     0 | D:1      | Reached XP level 1. HP: 19/19 MP: 0/0
    42 | D:1      | Reached skill level 4 in Long Blades
    60 | D:1      | Reached XP level 2. HP: 21/26 MP: 1/1
   268 | D:1      | Reached skill level 5 in Long Blades
   349 | D:1      | Reached XP level 3. HP: 28/31 MP: 2/2
   607 | D:2      | Reached skill level 6 in Long Blades
   607 | D:2      | Reached XP level 4. HP: 36/39 MP: 3/3
  1047 | D:2      | Reached XP level 5. HP: 42/45 MP: 4/4
  1100 | D:2      | Reached skill level 7 in Long Blades
  1498 | D:3      | Noticed xccam's ghost (amateur FoFi)
  2094 | D:3      | Reached skill level 1 in Armour
  2630 | D:3      | Killed xccam's ghost
  2630 | D:3      | Reached skill level 8 in Long Blades
  2630 | D:3      | Reached XP level 6. HP: 47/53 MP: 5/5
  2844 | D:4      | Reached XP level 7. HP: 43/60 MP: 6/6
  2931 | D:4      | Found Zutas's Jewellery Boutique.
  2976 | D:4      | Reached skill level 5 in Fighting
  3150 | D:4      | Found a deep blue altar of Sif Muna.
  3151 | D:4      | Got a bronze ring mail
  3162 | D:4      | Identified the cursed +0 ring mail of the True Pharaoh {+Blink Regen+ rCorr} (You found it on level 4 of the Dungeon)
  3225 | D:4      | Reached skill level 9 in Long Blades
  3251 | D:5      | Entered Level 5 of the Dungeon
  3262 | D:5      | Reached skill level 5 in Dodging
  3262 | D:5      | Reached XP level 8. HP: 50/69 MP: 7/7
  3308 | D:5      | Got a scorched tin ring
  3309 | D:5      | Identified the ring "Getumn" {Wiz rElec Str+4} (You found it on level 5 of the Dungeon)
  3352 | D:5      | Noticed Pikel
  3369 | D:5      | Killed Pikel
  3369 | D:5      | Reached skill level 10 in Long Blades
  3369 | D:5      | Reached skill level 5 in Armour
  3512 | D:5      | Reached XP level 9. HP: 78/78 MP: 8/8
  3920 | D:6      | Noticed Duvessa
  3920 | D:6      | Noticed Dowan
  3936 | D:6      | Killed Duvessa
  3938 | D:6      | Killed Dowan
  3938 | D:6      | Reached skill level 11 in Long Blades
  4043 | D:6      | Found Emmyemiy's Gadget Emporium.
  4050 | D:6      | Found a shattered altar of Ashenzari.
  4053 | D:6      | Found a hazy altar of Hepliaklqana.
  4118 | D:6      | Found a staircase to the Ecumenical Temple.
  4127 | Temple   | Entered the Ecumenical Temple
  4168 | Temple   | Became a worshipper of Ru the Awakened
  4170 | Temple   | Gained mutation: You cannot train Dodging skill. [Ru sacrifice]
  4170 | Temple   | Reached * piety under Ru
  4402 | D:6      | Noticed Curus's ghost (novice HOAK)
  4407 | D:6      | Killed Curus's ghost
  4507 | D:6      | Found Luwoyxi's Antique Armour Shop.
  4648 | D:6      | Found Tairil's Antique Armour Shop.
  4653 | D:6      | Bought a pair of spiked gloves for 218 gold pieces
  4658 | D:6      | Identified the +2 pair of gloves of the Ward {Dex+6} (You bought it in a shop on level 6 of the Dungeon)
  4880 | D:7      | Reached skill level 13 in Long Blades
  4880 | D:7      | Reached XP level 10. HP: 88/88 MP: 9/9
  4993 | D:7      | Found a white marble altar of Elyvilon.
  5123 | D:7      | Found a burning altar of Makhleb.
  5154 | D:7      | Reached skill level 14 in Long Blades
  5389 | D:7      | Found an ancient bone altar of Kikubaaqudgha.
  5460 | D:7      | Reached XP level 11. HP: 81/95 MP: 10/10
  5654 | D:7      | Noticed Joseph
  5662 | D:7      | Killed Joseph
  5922 | D:8      | Paralysed by a hornet for 1 turns
  6099 | D:8      | Gained mutation: You cannot be stealthy. [Ru sacrifice]
  6099 | D:8      | Reached ** piety under Ru
  6178 | D:8      | Found a staircase to the Lair.
  6305 | D:8      | Found a glowing golden altar of the Shining One.
  6351 | D:8      | Noticed a two-headed ogre
  6363 | D:8      | Killed a two-headed ogre
  6583 | D:8      | Found a stormy altar of Qazlal.
  6779 | D:9      | Reached skill level 10 in Fighting
  6895 | D:9      | Found a bloodstained altar of Trog.
  6926 | D:9      | Found a staircase to the Orcish Mines.
  6948 | D:9      | Found a sparkling altar of Nemelex Xobeh.
  7027 | D:9      | Found a glowing silver altar of Zin.
  7064 | D:9      | Noticed a rakshasa
  7084 | D:9      | Killed a rakshasa
  7087 | D:9      | Killed an unseen horror
  7325 | D:9      | Found Deihiop's General Store.
  7346 | D:9      | Found Woliema's Magic Scroll Shop.
  7410 | D:9      | Found Iticzep's Distillery.
  7423 | D:9      | Bought a potion of haste for 100 gold pieces
  7681 | D:9      | Found a roughly hewn altar of Beogh.
  7806 | D:10     | Entered Level 10 of the Dungeon
  7875 | D:10     | Gained mutation: You cannot study or use magical devices. [Ru sacrifice]
  7875 | D:10     | Reached *** piety under Ru
  7875 | D:10     | Reached **** piety under Ru
  7993 | D:10     | Reached XP level 12. HP: 93/108 MP: 11/11
  8036 | D:10     | Noticed a two-headed ogre
  8039 | D:10     | Noticed a two-headed ogre
  8053 | D:10     | Killed a two-headed ogre
  8053 | D:10     | Reached skill level 15 in Long Blades
  8060 | D:10     | Killed a two-headed ogre
  8149 | D:10     | Noticed Nergalle
  8173 | D:10     | Killed Nergalle
  8886 | D:11     | Noticed a two-headed ogre
  8899 | D:11     | Noticed Harold
  8900 | D:11     | Killed a two-headed ogre
  8931 | D:11     | Killed Harold
  9277 | D:11     | Found Poummysk's General Store.
  9319 | D:11     | Noticed a two-headed ogre
  9326 | D:11     | Killed a two-headed ogre
  9326 | D:11     | Reached skill level 15 in Armour
  9481 | D:11     | Gained mutation: You are missing an eye, making it more difficult to aim. [Ru sacrifice]
  9481 | D:11     | Reached ***** piety under Ru
  9532 | D:11     | Found a sacrificial altar of Ru.
  9755 | D:12     | Noticed a two-headed ogre
  9898 | Lair:1   | Entered Level 1 of the Lair of Beasts
 10445 | Lair:1   | Noticed Erica
 10462 | Lair:1   | Killed Erica
 10606 | Lair:2   | Reached XP level 13. HP: 107/122 MP: 12/12
 10707 | Lair:2   | Found a frozen archway.
 10733 | IceCv    | Entered an ice cave
 11244 | IceCv    | Got a twitching marble ring
 11254 | IceCv    | Got a warped golden ring
 11257 | IceCv    | Identified the ring "Menop" {rElec rF+ rN+ Str+6 Stlth-} (You found it in an ice cave)
 11258 | IceCv    | Identified the ring "Coaweroh" {+Blink +Fly rF++ MR+ Int-5} (You found it in an ice cave)
 12012 | Lair:3   | Gained mutation: You take slightly more damage. (AC -5) [Ru sacrifice]
 12012 | Lair:3   | Reached ****** piety under Ru
 12728 | Lair:4   | Noticed Urug
 12745 | Lair:4   | Killed Urug
 13646 | Lair:4   | Found a staircase to the Shoals.
 13790 | Lair:4   | Found a hole to the Spider Nest.
 14005 | Shoals:1 | Entered Level 1 of the Shoals
 14891 | Lair:6   | Entered Level 6 of the Lair of Beasts
 14904 | Lair:6   | Reached skill level 16 in Long Blades
 14904 | Lair:6   | Reached XP level 14. HP: 94/133 MP: 13/13
 16186 | Lair:6   | Found a staircase to the Slime Pits.
 16202 | Lair:6   | Reached skill level 15 in Fighting
 16645 | Lair:6   | Noticed Nessos
 16655 | Lair:6   | Killed Nessos
 16804 | Lair:6   | Reached skill level 17 in Long Blades
 17536 | Orc:1    | Entered Level 1 of the Orcish Mines
 17968 | Orc:2    | Entered Level 2 of the Orcish Mines
 17968 | Orc:2    | Found a staircase to the Elven Halls.
 18722 | Orc:1    | Noticed Gastronok
 18741 | Orc:1    | Killed Gastronok
 18906 | Orc:1    | Found a roughly hewn altar of Beogh.
 20748 | Orc:2    | Reached XP level 15. HP: 120/143 MP: 14/14
 20763 | Orc:2    | Reached skill level 18 in Long Blades
 21090 | Orc:2    | Found Baicey Ikag's Gadget Emporium.
 21090 | Orc:2    | Found Lixkaes's Food Boutique.
 21092 | Orc:2    | Found Mimih's Assorted Antiques.
 21092 | Orc:2    | Found Uxzyrak's Book Boutique.
 21379 | D:4      | Bought an uncursed amulet of regeneration for 420 gold pieces
 21877 | D:12     | Found Saulaoti's Demolitions Depot.
 21922 | D:12     | Found a shadowy altar of Dithmenos.
 22023 | D:13     | Found a gate to the Vaults.
 22082 | D:13     | Noticed Erolcha
 22088 | D:13     | Killed Erolcha
 22302 | D:13     | Found a burning altar of Makhleb.
 22390 | D:13     | Found Pagru's Distillery.
 22900 | D:13     | Noticed Rupert
 22908 | D:13     | Killed Rupert
 22908 | D:13     | Reached skill level 19 in Long Blades
 23072 | D:13     | Found a roughly hewn altar of Beogh.
 23475 | D:14     | Gained mutation: You have very sharp teeth. [potion of mutation]
 23475 | D:14     | Gained mutation: You are weak. (Str -2) [potion of mutation]
 23475 | D:14     | Gained mutation: You are agile. (Dex +2) [potion of mutation]
 24111 | D:15     | Entered Level 15 of the Dungeon
 24202 | D:15     | Found a staircase to the Depths.
 24712 | D:15     | Found Myiran's Food Shop.
 25319 | Shoals:1 | Found Giunytax's Island Escapes.
 25332 | Shoals:1 | Reached XP level 16. HP: 111/154 MP: 15/15
 25887 | Shoals:2 | Found a hazy altar of Hepliaklqana.
 25977 | Shoals:2 | Noticed Roxanne
 26287 | Shoals:2 | Reached skill level 20 in Long Blades
 26588 | Shoals:2 | Killed Roxanne
 26589 | Shoals:2 | Identified Roxanne's Reference Book on Transformation (You took it off Roxanne on level 2 of the Shoals)
 26747 | Shoals:3 | Found a transporter.
 26793 | Shoals:3 | Killed from afar by a merfolk aquamancer

Skill      XL: |  1  2  3  4  5  6  7  8  9 10 11 12 13 14 15 16 |
---------------+-------------------------------------------------+-----
Long Blades    | 4 5 6 8 9 10 13 14 15 16 17 19 20 | 20.0
Armour         | 2 3 5 11 13 15 17 18 19 | 19.5
Fighting       | 4 5 6 7 8 10 13 14 15 16 17 | 17.2
Dodging        | 4 5 6 0 |  0.0
Stealth        | 0 |  0.0

Action                   |  1- 3 |  4- 6 |  7- 9 | 10-12 | 13-15 | 16-18 || total
-------------------------+-------+-------+-------+-------+-------+-------++-------
Melee: Falchion          |    54 |    81 |       |       |       |       ||   135
       Headbutt          |    16 |    28 |    48 |   283 |   464 |    51 ||   890
       Long sword        |       |    60 |   201 |   801 |       |       ||  1062
       Scimitar          |       |       |       |    11 |   391 |       ||   402
       Great sword       |       |       |       |     6 |   964 |   155 ||  1125
       Bite              |       |       |       |       |    32 |    31 ||    63
Invok: Sacrifice Nimblen |       |       |     1 |       |       |       ||     1
       Sacrifice Stealth |       |       |       |     1 |       |       ||     1
       Sacrifice Artific |       |       |       |     1 |       |       ||     1
       Sacrifice an Eye  |       |       |       |     1 |       |       ||     1
       Power Leap        |       |       |       |       |    13 |     4 ||    17
       Sacrifice Health  |       |       |       |       |     1 |       ||     1
       Draw Out Power    |       |       |       |       |     1 |     1 ||     2
Evoke: Wand              |       |       |     4 |       |       |       ||     4
  Use: Scroll            |       |     5 |     2 |     6 |    23 |     2 ||    38
       Potion            |       |     1 |     4 |     3 |     3 |     2 ||    13
 Stab: Sleeping          |     2 |     2 |       |     3 |       |       ||     7
       Invisible         |       |       |       |     5 |    26 |     5 ||    36
       Distracted        |       |       |       |     1 |     7 |     1 ||     9
       Paralysed         |       |       |       |     1 |    11 |     3 ||    15
       Petrified         |       |       |       |       |    16 |       ||    16
       Petrifying        |       |       |       |       |     1 |       ||     1
       Confused          |       |       |       |       |     3 |       ||     3
  Eat: Chunk             |       |     3 |     6 |    16 |    34 |     2 ||    61
       Ration            |       |     1 |       |     1 |     4 |     1 ||     7
Armor: Leather armour    |     5 |    26 |       |       |       |       ||    31
       Robe              |     1 |       |       |       |       |       ||     1
       Scale mail        |       |    19 |     4 |       |       |       ||    23
       Ring mail         |       |       |    76 |   222 |       |       ||   298
       Chain mail        |       |       |       |   163 |   655 |    63 ||   881
Dodge: Dodged            |    35 |   104 |   119 |   267 |   458 |    53 ||  1036
       Rpst.: Falchion   |    12 |    15 |       |       |       |       ||    27
       Long sword        |       |    15 |    30 |    59 |       |       ||   104
       Scimitar          |       |       |       |       |    31 |       ||    31
       Great sword       |       |       |       |       |    69 |     4 ||    73
